Map: Ruby Rock LE

Players

Penauts - Winner!

  • Race: Protoss Protoss
  • League: Gold
  • Spawn Location: 5:00

SCIInewby

  • Race: Protoss Protoss
  • League: Master
  • Spawn Location: 11:00

VOD

Have the link to the VOD?

Description

Time

  • Played on: Feb. 11, 2026, 9:56 a.m.
  • Length: 5:00
Show
View Real Time Build Order
Export as new Build Order

Penauts Protoss - Winner!

Build Orders: Dark Templar Rush 

Get SALT Encoding   

  1  0:00  Probe  
  13  0:16  Pylon  
  13  0:20  Assimilator  
  13  0:29  Probe  
  14  0:37  Gateway  
  14  0:41  Probe  
  15  0:53  Assimilator, Probe  
  16  1:04  Probe  
  16  1:07  Gateway  
  17  1:13  Probe  
  18  1:21  Probe  
  18  1:25  Cybernetics Core  
  19  1:32  Probe  
  20  1:44  Probe  
  21  1:50  Pylon  
  21  1:56  Probe  
  22  2:08  Probe  
  23  2:12  Twilight Council  
  23  2:21  Gateway  
  23  2:22  Warp Gate  
  23  2:26  Gateway  
  23  2:27  Pylon  
  23  2:32  Pylon  
  23  2:41  Robotics Facility  
  23  2:52  Gateway  
  23  2:56  Shield Battery  
  23  3:08  Dark Shrine  
  23  3:18  Forge  
  23  3:22  Warp Prism  
  25  3:53  Photon Cannon  
  25  3:58  Photon Cannon  
  25  4:32  Dark Templar x3  
  25  4:33  Dark Templar  
  33  4:48  Zealot  
Show
View Real Time Build Order
Export as new Build Order

SCIInewby Protoss 

Build Orders: 1 Gate Expand 

Get SALT Encoding   

  12  0:04  Probe  
  13  0:16  Probe  
  14  0:25  Pylon  
  14  0:36  Probe  
  15  0:45  Gateway  
  15  0:48  Probe  
  16  1:00  Probe  
  17  1:11  Assimilator  
  17  1:26  Probe  
  17  1:30  Nexus  
  18  1:39  Forge  
  17  1:44  Cybernetics Core  
  18  1:47  Probe  
  18  1:54  Assimilator  
  18  2:01  Warp Gate  
  18  2:02  Probe, Zealot  
  21  2:18  Photon Cannon  
  21  2:30  Pylon  
  21  2:36  Probe  
  21  2:39  Probe  
  23  2:44  Pylon  
  23  2:45  Probe  
  24  3:01  Probe  
  24  3:04  Twilight Council  
  25  3:06  Probe  
  26  3:17  Probe  
  27  3:28  Photon Cannon  
  27  3:32  Probe  
  27  3:34  Probe  
  29  3:44  Probe  
  30  3:54  Pylon  
  30  3:56  Probe  
  31  4:03  Gateway  
  31  4:04  Probe  
  31  4:09  Probe  
  33  4:17  Probe  
  34  4:22  Zealot  
  36  4:32  Assimilator  
  33  4:48  Photon Cannon  
  23  4:54  Photon Cannon  
  23  4:56  Pylon  
Tags
 
Matchup
PvP
Replay Pack
vannon
Spawn Locations
Cross Positions
Add a new tag
Caveats
  • Supply blocks, unpowered buildings, or Contaminate may cause inaccurate times.
  • Supply counts are checked every 10 seconds.